Connexion

DALLAS Stars vs WASHINGTON Capitals

Created - 2 mars 2024 at 06:55

Goals
1 2 3 T
DALLAS Stars 3 0 1 4
WASHINGTON Capitals 1 1 1 3
Shots
1 2 3 T
DALLAS Stars 11 6 9 26
WASHINGTON Capitals 10 15 15 40

GoalsPenalties
1st period
1. DALLAS Stars , Reilly Smith 21 (Neal Pionk 35, Darnell Nurse 42) at 1:36
2. DALLAS Stars , Ondrej Kase 17 (Morgan Frost 11, John Carlson 36) at 1:46
3. DALLAS Stars , Ondrej Kase 18 (Morgan Frost 12, Tyson Jost 20) at 3:06
4. WASHINGTON Capitals , Brandon Hagel 25 (Nikita Kucherov 46, Shea Theodore 58) at 5:35
Slater Koekkoek (WAS) for Cross-checking (Minor) at 16:54
2nd period
5. WASHINGTON Capitals , Frederick Gaudreau 38 (Jared McCann 46, Andreas Johnsson 24) at 1:10
Brandon Hagel (WAS) for Holding Stick (Minor) at 12:24
Mikhail Sergachev (DAL) for High sticking (Minor) at 12:24
Jared McCann (WAS) for Interference (Minor) at 19:48
3rd period
6. DALLAS Stars , Tomas Hertl 19 (Reilly Smith 32, John Carlson 37) at 11:25 (PP)
7. WASHINGTON Capitals , Aleksander Barkov 29 (Brandon Hagel 48, Nikita Kucherov 47) at 13:24
Nikita Kucherov (WAS) for Interference (Minor) at 10:44
Goalie Stats
Cam Talbot (DAL), 37 saves from 40 shots - (0,925), W, 6-6-1, 60:00 minutes
Jordan Binnington (WAS), 22 saves from 26 shots - (0,846), L, 37-14-5, 59:46 minutes
3 StarsOfficial
1 - Ondrej Kase (DAL)
2 - John Carlson (DAL)
3 - Brandon Hagel (WAS)
Referees : Dean Morton and Bill McCreary
Linesman : Scott Driscoll and Ryan Galloway
Game Note
No Game Note
Finance
Level 1 -- Attendance: 4369 (72,82%) -- Ticket Income $720,885
Level 2 -- Attendance: 3795 (71,92%) -- Ticket Income $417,450
Level 3 -- Attendance: 1307 (65,35%) -- Ticket Income $111,095
Level 4 -- Attendance: 2199 (54,98%) -- Ticket Income $127,542
Luxury Box -- Attendance: 970 (97,00%) -- Ticket Income $242,500
Game was played at the Verizon Center.
Total Attendance: 12640 (69,16%)
Total Ticket Income: $1,619,472
Other Income: $323,894
Total Income: $1,943,366



Team Name Goals Shots Shots Attemp Shots Blocked PIM HIT PP PK FO%
DALLAS Stars 42667152201 / 3 (33%)052%
WASHINGTON Capitals 34086178240 / 0 (0,00%148%

DALLAS Stars
Player Name POS G A P +/- PIM HIT SHT SB MP PP MP PP SHT PK MP PK SHT FO% FOT
Damon SeversonD0000000124:162:1100:0000% 0
Darnell NurseD011-2010722:032:2800:0000% 0
Dylan CozensC0000004021:472:1120:00071% 34
Gustav LindstromD0002010114:170:0000:0000% 0
John CarlsonD0222011016:092:2810:0000% 0
Mikhail SergachevD0000211323:392:1110:0000% 0
Morgan FrostC0221010012:370:0000:00047% 15
Neal PionkD011-2050019:350:0000:0000% 0
Ondrej KaseLW/RW2021005012:370:0000:0000% 0
Peyton KrebsC/LW000001006:320:0000:0000% 0
Rasmus KupariC/LW/RW000001006:320:0000:00033% 3
Reilly SmithLW/RW112-1023019:042:2800:0000% 1
Rem PitlickC/LW/RW000000016:320:0000:000100% 1
Sebastien AhoC/LW/RW0000003021:142:1100:00025% 4
Tomas HertlC/LW101-1002118:212:2810:00043% 21
Tyler BertuzziLW/RW0000055021:202:1100:00025% 4
Tyson JostC/LW0111002113:040:0000:0000% 1
William KarlssonC/LW000-1010018:212:2800:0000% 0
WASHINGTON Capitals
Player Name POS G A P +/- PIM HIT SHT SB MP PP MP PP SHT PK MP PK SHT FO% FOT
Aleksander BarkovC1011034020:180:0000:36048% 27
Alex KillornC/LW/RW000-1007113:330:0000:0000% 2
Andreas JohnssonLW/RW0110012014:300:0000:000100% 1
Brandon HagelLW1121236123:090:0003:2800% 1
Denis GurianovLW/RW000000216:500:0000:0000% 0
Dryden HuntC/LW000002018:380:0001:11045% 11
Frederick GaudreauC/RW1010014217:580:0003:28060% 25
Givani SmithRW000002006:410:0000:000100% 1
Haydn FleuryD0001042023:280:0001:5800% 0
Jared McCannC/LW0110205015:130:0000:35050% 2
Joel HanleyD0000010120:360:0002:4100% 0
Joel KivirantaLW000-1011113:150:0000:0000% 0
Mikey EyssimontC/LW000-1010013:330:0000:00033% 12
Nick JensenD0000011120:090:0002:4100% 0
Nikita KucherovRW0221216119:410:0000:0000% 2
Sean WalkerD000-1010215:560:0000:0000% 0
Shea TheodoreD0111010424:350:0001:5800% 0
Slater KoekkoekD000-1210115:150:0000:0000% 0



Play-by-Play

1st period


0:01 of 1st period - Dylan Cozens wins face-off versus Aleksander Barkov in neutral zone.
0:16 of 1st period - Shot by Sebastien Aho.
0:16 of 1st period - Shot Misses the Net.
0:38 of 1st period - Shot by Nikita Kucherov.
0:38 of 1st period - Shot Misses the Net.
0:40 of 1st period - Shot by Aleksander Barkov.
0:40 of 1st period - Shot Misses the Net.
0:42 of 1st period - Shot by Aleksander Barkov.
0:42 of 1st period - Stopped by Cam Talbot without a rebound.
0:43 of 1st period - Tomas Hertl wins face-off versus Frederick Gaudreau in DALLAS Stars zone.
0:50 of 1st period - Icing by Darnell Nurse.
0:51 of 1st period - Tomas Hertl wins face-off versus Mikey Eyssimont in DALLAS Stars zone.
1:16 of 1st period - Shot by William Karlsson.
1:16 of 1st period - Shot Misses the Net.
1:36 of 1st period - Shot by Reilly Smith.
1:36 of 1st period - Goal by Reilly Smith - DALLAS Stars : 1 - WASHINGTON Capitals : 0.
1:37 of 1st period - Morgan Frost wins face-off versus Frederick Gaudreau in neutral zone.
1:44 of 1st period - Shot by Morgan Frost.
1:44 of 1st period - Shot Misses the Net.
1:46 of 1st period - Shot by Ondrej Kase.
1:46 of 1st period - Goal by Ondrej Kase - DALLAS Stars : 2 - WASHINGTON Capitals : 0.
1:47 of 1st period - Rasmus Kupari wins face-off versus Dryden Hunt in neutral zone.
1:47 of 1st period - Rasmus Kupari is hit by Givani Smith.
1:59 of 1st period - Damon Severson is hit by Dryden Hunt and loses puck.
2:03 of 1st period - Icing by Mikhail Sergachev.
2:04 of 1st period - Rem Pitlick wins face-off versus Frederick Gaudreau in DALLAS Stars zone.
2:04 of 1st period - Rem Pitlick is hit by Andreas Johnsson.
2:33 of 1st period - Rem Pitlick is hit by Nick Jensen and loses puck.
2:41 of 1st period - Off-side.
2:42 of 1st period - Morgan Frost wins face-off versus Aleksander Barkov in neutral zone.
2:42 of 1st period - Morgan Frost is hit by Aleksander Barkov.
2:56 of 1st period - Shot by Tyson Jost.
2:56 of 1st period - Stopped by Jordan Binnington with a rebound.
2:58 of 1st period - Shot by Ondrej Kase.
2:58 of 1st period - Deflect By Tyson Jost.
2:58 of 1st period - Shot Blocked by Nikita Kucherov.
3:06 of 1st period - Shot by Morgan Frost.
3:06 of 1st period - Deflect By Ondrej Kase.
3:06 of 1st period - Goal by Ondrej Kase - DALLAS Stars : 3 - WASHINGTON Capitals : 0.
3:07 of 1st period - Dylan Cozens wins face-off versus Dryden Hunt in neutral zone.
3:26 of 1st period - Shot by Denis Gurianov.
3:26 of 1st period - Stopped by Cam Talbot without a rebound.
3:27 of 1st period - Aleksander Barkov wins face-off versus Morgan Frost in DALLAS Stars zone.
3:44 of 1st period - Shot by Aleksander Barkov.
3:44 of 1st period - Shot Misses the Net.
3:48 of 1st period - Shot by Brandon Hagel.
3:48 of 1st period - Stopped by Cam Talbot without a rebound.
3:49 of 1st period - Frederick Gaudreau wins face-off versus Dylan Cozens in DALLAS Stars zone.
4:04 of 1st period - Shot by Dylan Cozens.
4:04 of 1st period - Shot Misses the Net.
4:06 of 1st period - Shot by Dylan Cozens.
4:06 of 1st period - Shot Misses the Net.
4:11 of 1st period - Dylan Cozens is hit by Joel Hanley and loses puck.
4:30 of 1st period - Shot by Tyler Bertuzzi.
4:30 of 1st period - Shot Blocked by Frederick Gaudreau.
4:32 of 1st period - Shot by Dylan Cozens.
4:32 of 1st period - Shot Misses the Net.
4:46 of 1st period - Shot by Tomas Hertl.
4:46 of 1st period - Shot Misses the Net.
5:15 of 1st period - Shot by Tomas Hertl.
5:15 of 1st period - Stopped by Jordan Binnington without a rebound.
5:16 of 1st period - Morgan Frost wins face-off versus Aleksander Barkov in WASHINGTON Capitals zone.
5:33 of 1st period - Shot by Nikita Kucherov.
5:33 of 1st period - Shot Misses the Net.
5:35 of 1st period - Shot by Brandon Hagel.
5:35 of 1st period - The goal is going for a video replay.
5:35 of 1st period - The goal is good.
5:35 of 1st period - Goal by Brandon Hagel - DALLAS Stars : 3 - WASHINGTON Capitals : 1.
5:36 of 1st period - Dylan Cozens wins face-off versus Mikey Eyssimont in neutral zone.
5:40 of 1st period - Off-side.
5:41 of 1st period - Aleksander Barkov wins face-off versus Sebastien Aho in neutral zone.
5:49 of 1st period - Icing by Damon Severson.
5:50 of 1st period - Aleksander Barkov wins face-off versus Tyler Bertuzzi in DALLAS Stars zone.
5:51 of 1st period - Shot by Nikita Kucherov.
5:51 of 1st period - Shot Blocked by Damon Severson.
6:27 of 1st period - Shot by Dylan Cozens.
6:27 of 1st period - Stopped by Jordan Binnington without a rebound.
6:28 of 1st period - Mikey Eyssimont wins face-off versus Tomas Hertl in WASHINGTON Capitals zone.
6:56 of 1st period - Icing by Slater Koekkoek.
6:57 of 1st period - Morgan Frost wins face-off versus Mikey Eyssimont in WASHINGTON Capitals zone.
7:08 of 1st period - Shot by Tyson Jost.
7:08 of 1st period - Stopped by Jordan Binnington without a rebound.
7:09 of 1st period - Dylan Cozens wins face-off versus Aleksander Barkov in WASHINGTON Capitals zone.
7:17 of 1st period - Icing by Shea Theodore.
7:18 of 1st period - Aleksander Barkov wins face-off versus Morgan Frost in WASHINGTON Capitals zone.
7:32 of 1st period - Shot by Nikita Kucherov.
7:32 of 1st period - Shot Misses the Net.
7:34 of 1st period - Shot by Haydn Fleury.
7:34 of 1st period - Stopped by Cam Talbot with a rebound.
7:36 of 1st period - Shot by Haydn Fleury.
7:36 of 1st period - Stopped by Cam Talbot without a rebound.
7:37 of 1st period - Dryden Hunt wins face-off versus Tomas Hertl in DALLAS Stars zone.
8:43 of 1st period - Shot by Nikita Kucherov.
8:43 of 1st period - Stopped by Cam Talbot without a rebound.
8:44 of 1st period - Jared McCann wins face-off versus Dylan Cozens in DALLAS Stars zone.
8:55 of 1st period - Shot by Jared McCann.
8:55 of 1st period - Deflect By Frederick Gaudreau.
8:55 of 1st period - Stopped by Cam Talbot without a rebound.
8:56 of 1st period - Aleksander Barkov wins face-off versus Morgan Frost in DALLAS Stars zone.
9:27 of 1st period - Shot by John Carlson.
9:27 of 1st period - Shot Blocked by Shea Theodore.
10:06 of 1st period - Icing by Tyson Jost.
10:07 of 1st period - Frederick Gaudreau wins face-off versus Morgan Frost in DALLAS Stars zone.
10:08 of 1st period - Shot by Andreas Johnsson.
10:08 of 1st period - Shot Hit the Post.
11:21 of 1st period - Shot by Alex Killorn.
11:21 of 1st period - Stopped by Cam Talbot without a rebound.
11:22 of 1st period - Tomas Hertl wins face-off versus Dryden Hunt in DALLAS Stars zone.
11:22 of 1st period - Tomas Hertl is hit by Givani Smith.
11:36 of 1st period - Shot by Neal Pionk.
11:36 of 1st period - Shot Blocked by Denis Gurianov.
11:38 of 1st period - Shot by Tomas Hertl.
11:38 of 1st period - Shot Misses the Net.
11:45 of 1st period - Shea Theodore is hit by Neal Pionk and loses puck.
11:49 of 1st period - Icing by Neal Pionk.
11:50 of 1st period - Tomas Hertl wins face-off versus Aleksander Barkov in DALLAS Stars zone.
12:34 of 1st period - Shot by Ondrej Kase.
12:34 of 1st period - Shot Misses the Net.
13:03 of 1st period - Gustav Lindstrom is hit by Aleksander Barkov and loses puck.
14:01 of 1st period - Haydn Fleury is hit by Tyler Bertuzzi and loses puck.
15:27 of 1st period - Off-side.
15:28 of 1st period - Dryden Hunt wins face-off versus Rasmus Kupari in neutral zone.
15:47 of 1st period - Shot by Givani Smith.
15:47 of 1st period - Shot Blocked by Mikhail Sergachev.
15:49 of 1st period - Shot by Nick Jensen.
15:49 of 1st period - Shot Misses the Net.
16:24 of 1st period - Slater Koekkoek is hit by Rasmus Kupari and loses puck.
16:35 of 1st period - Shot by Jared McCann.
16:35 of 1st period - Stopped by Cam Talbot without a rebound.
16:36 of 1st period - Dylan Cozens wins face-off versus Aleksander Barkov in DALLAS Stars zone.
16:54 of 1st period - Minor Penalty to Slater Koekkoek for Cross-checking.
16:55 of 1st period - Frederick Gaudreau wins face-off versus Tomas Hertl in WASHINGTON Capitals zone.
17:26 of 1st period - Shot by John Carlson.
17:26 of 1st period - Shot Misses the Net.
17:28 of 1st period - Shot by Darnell Nurse.
17:28 of 1st period - Shot Blocked by Frederick Gaudreau.
17:30 of 1st period - Shot by Darnell Nurse.
17:30 of 1st period - Shot Blocked by Joel Hanley.
17:48 of 1st period - Shot by Dylan Cozens.
17:48 of 1st period - Stopped by Jordan Binnington without a rebound.
17:49 of 1st period - Dylan Cozens wins face-off versus Jared McCann in WASHINGTON Capitals zone.
18:04 of 1st period - Shot by Dylan Cozens.
18:04 of 1st period - Stopped by Jordan Binnington with a rebound.
18:06 of 1st period - Shot by Sebastien Aho.
18:06 of 1st period - Shot Blocked by Dryden Hunt.
18:16 of 1st period - Shot by Sebastien Aho.
18:16 of 1st period - Shot Misses the Net.
18:20 of 1st period - Shot by Mikhail Sergachev.
18:20 of 1st period - Stopped by Jordan Binnington without a rebound.
18:21 of 1st period - Frederick Gaudreau wins face-off versus Tomas Hertl in WASHINGTON Capitals zone.
19:13 of 1st period - Shot by Ondrej Kase.
19:13 of 1st period - Shot Blocked by Slater Koekkoek.
19:36 of 1st period - Icing by Sean Walker.
19:37 of 1st period - Mikey Eyssimont wins face-off versus Tyler Bertuzzi in WASHINGTON Capitals zone.
19:37 of 1st period - Slater Koekkoek is hit by Tyler Bertuzzi and loses puck.
19:56 of 1st period - Shot by Tyler Bertuzzi.
19:56 of 1st period - Shot Blocked by Sean Walker.
19:58 of 1st period - Shot by Dylan Cozens.
19:58 of 1st period - Stopped by Jordan Binnington without a rebound.
19:59 of 1st period - Frederick Gaudreau wins face-off versus Tomas Hertl in WASHINGTON Capitals zone.
Goals for this period are 3 for DALLAS Stars vs 1 for WASHINGTON Capitals.
Shots for this period are 11 for DALLAS Stars vs 10 for WASHINGTON Capitals.

2nd period


0:01 of 2nd period - Aleksander Barkov wins face-off versus Dylan Cozens in neutral zone.
0:01 of 2nd period - Shea Theodore is hit by Tyler Bertuzzi and loses puck.
0:27 of 2nd period - Shot by Sebastien Aho.
0:27 of 2nd period - Shot Misses the Net.
0:29 of 2nd period - Shot by Sebastien Aho.
0:29 of 2nd period - Stopped by Jordan Binnington without a rebound.
0:30 of 2nd period - Tomas Hertl wins face-off versus Frederick Gaudreau in WASHINGTON Capitals zone.
0:33 of 2nd period - Shot by Reilly Smith.
0:33 of 2nd period - Shot Misses the Net.
0:38 of 2nd period - Joel Hanley is hit by Neal Pionk and loses puck.
0:55 of 2nd period - Shot by Jared McCann.
0:55 of 2nd period - Shot Hit the Post.
0:57 of 2nd period - Shot by Andreas Johnsson.
0:57 of 2nd period - Shot Blocked by Darnell Nurse.
0:59 of 2nd period - Shot by Frederick Gaudreau.
0:59 of 2nd period - Shot Misses the Net.
1:04 of 2nd period - Andreas Johnsson is hit by Neal Pionk.
1:08 of 2nd period - Shot by Jared McCann.
1:08 of 2nd period - Shot Misses the Net.
1:10 of 2nd period - Shot by Frederick Gaudreau.
1:10 of 2nd period - Goal by Frederick Gaudreau - DALLAS Stars : 3 - WASHINGTON Capitals : 2.
1:11 of 2nd period - Dylan Cozens wins face-off versus Aleksander Barkov in neutral zone.
1:14 of 2nd period - Nikita Kucherov is hit by Tyler Bertuzzi and loses puck.
1:44 of 2nd period - Icing by Mikhail Sergachev.
1:45 of 2nd period - Dryden Hunt wins face-off versus Dylan Cozens in DALLAS Stars zone.
1:52 of 2nd period - Shot by Denis Gurianov.
1:52 of 2nd period - Shot Blocked by Mikhail Sergachev.
3:30 of 2nd period - Brandon Hagel is hit by William Karlsson and loses puck.
3:59 of 2nd period - Shot by Frederick Gaudreau.
3:59 of 2nd period - Shot Blocked by Gustav Lindstrom.
4:02 of 2nd period - Icing by Gustav Lindstrom.
4:03 of 2nd period - Morgan Frost wins face-off versus Mikey Eyssimont in DALLAS Stars zone.
4:03 of 2nd period - Morgan Frost is hit by Joel Kiviranta.
4:59 of 2nd period - Shot by Jared McCann.
4:59 of 2nd period - Stopped by Cam Talbot without a rebound.
5:00 of 2nd period - Aleksander Barkov wins face-off versus Dylan Cozens in DALLAS Stars zone.
5:01 of 2nd period - Shot by Nikita Kucherov.
5:01 of 2nd period - Stopped by Cam Talbot with a rebound.
6:16 of 2nd period - Andreas Johnsson is hit by Neal Pionk and loses puck.
6:19 of 2nd period - Shot by Sean Walker.
6:19 of 2nd period - Shot Misses the Net.
6:21 of 2nd period - Shot by Slater Koekkoek.
6:21 of 2nd period - Shot Blocked by Darnell Nurse.
6:41 of 2nd period - Shot by Frederick Gaudreau.
6:41 of 2nd period - Shot Blocked by Rem Pitlick.
6:43 of 2nd period - Shot by Andreas Johnsson.
6:43 of 2nd period - Stopped by Cam Talbot with a rebound.
7:03 of 2nd period - Shot by Alex Killorn.
7:03 of 2nd period - Stopped by Cam Talbot without a rebound.
7:04 of 2nd period - Tomas Hertl wins face-off versus Dryden Hunt in DALLAS Stars zone.
7:04 of 2nd period - Tomas Hertl is hit by Dryden Hunt.
7:11 of 2nd period - Icing by Joel Hanley.
7:12 of 2nd period - Dryden Hunt wins face-off versus Dylan Cozens in WASHINGTON Capitals zone.
7:18 of 2nd period - Icing by Nick Jensen.
7:19 of 2nd period - Sebastien Aho wins face-off versus Dryden Hunt in WASHINGTON Capitals zone.
8:00 of 2nd period - Shot by Dryden Hunt.
8:00 of 2nd period - Shot Misses the Net.
8:02 of 2nd period - Shot by Nick Jensen.
8:02 of 2nd period - Shot Misses the Net.
8:18 of 2nd period - Shot by Brandon Hagel.
8:18 of 2nd period - Stopped by Cam Talbot without a rebound.
8:19 of 2nd period - Frederick Gaudreau wins face-off versus Tomas Hertl in DALLAS Stars zone.
8:26 of 2nd period - Shot by Andreas Johnsson.
8:26 of 2nd period - Stopped by Cam Talbot with a rebound.
8:34 of 2nd period - Shot by Reilly Smith.
8:34 of 2nd period - Shot Misses the Net.
8:52 of 2nd period - Shot by Reilly Smith.
8:52 of 2nd period - Shot Misses the Net.
9:16 of 2nd period - Shot by Neal Pionk.
9:16 of 2nd period - Shot Misses the Net.
9:47 of 2nd period - Tyson Jost is hit by Haydn Fleury and loses puck.
10:48 of 2nd period - Icing by Shea Theodore.
10:49 of 2nd period - Frederick Gaudreau wins face-off versus Tyler Bertuzzi in WASHINGTON Capitals zone.
11:08 of 2nd period - Shot by Tyler Bertuzzi.
11:08 of 2nd period - Stopped by Jordan Binnington without a rebound.
11:09 of 2nd period - Tomas Hertl wins face-off versus Mikey Eyssimont in WASHINGTON Capitals zone.
11:09 of 2nd period - Reilly Smith is hit by Slater Koekkoek and loses puck.
11:38 of 2nd period - Shot by Alex Killorn.
11:38 of 2nd period - Shot Misses the Net.
11:46 of 2nd period - Shot by Alex Killorn.
11:46 of 2nd period - Stopped by Cam Talbot with a rebound.
12:04 of 2nd period - William Karlsson is hit by Brandon Hagel and loses puck.
12:24 of 2nd period - Minor Penalty to Brandon Hagel for Holding Stick.
12:24 of 2nd period - Minor Penalty to Mikhail Sergachev for High sticking.
12:25 of 2nd period - Dylan Cozens wins face-off versus Mikey Eyssimont in DALLAS Stars zone.
12:25 of 2nd period - Dylan Cozens is hit by Mikey Eyssimont.
12:35 of 2nd period - Shot by Dylan Cozens.
12:35 of 2nd period - Shot Blocked by Nick Jensen.
12:45 of 2nd period - Shot by Alex Killorn.
12:45 of 2nd period - Stopped by Cam Talbot with a rebound.
12:51 of 2nd period - Shot by Alex Killorn.
12:51 of 2nd period - Stopped by Cam Talbot without a rebound.
12:52 of 2nd period - Dylan Cozens wins face-off versus Alex Killorn in DALLAS Stars zone.
13:03 of 2nd period - Shot by Dylan Cozens.
13:03 of 2nd period - Shot Misses the Net.
14:00 of 2nd period - Shot by Joel Kiviranta.
14:00 of 2nd period - Stopped by Cam Talbot with a rebound.
14:32 of 2nd period - Aleksander Barkov is hit by Mikhail Sergachev and loses puck.
15:03 of 2nd period - Icing by Shea Theodore.
15:04 of 2nd period - Aleksander Barkov wins face-off versus Rasmus Kupari in WASHINGTON Capitals zone.
15:14 of 2nd period - Rem Pitlick is hit by Sean Walker and loses puck.
15:36 of 2nd period - Rem Pitlick is hit by Shea Theodore and loses puck.
16:07 of 2nd period - Shot by Frederick Gaudreau.
16:07 of 2nd period - Shot Misses the Net.
16:21 of 2nd period - Shot by Jared McCann.
16:21 of 2nd period - Shot Blocked by Darnell Nurse.
16:23 of 2nd period - Shot by Frederick Gaudreau.
16:23 of 2nd period - Shot Hit the Post.
16:25 of 2nd period - Shot by Jared McCann.
16:25 of 2nd period - Stopped by Cam Talbot without a rebound.
16:26 of 2nd period - Dylan Cozens wins face-off versus Mikey Eyssimont in DALLAS Stars zone.
16:57 of 2nd period - Shot by Tyler Bertuzzi.
16:57 of 2nd period - Stopped by Jordan Binnington without a rebound.
16:58 of 2nd period - Dryden Hunt wins face-off versus Tomas Hertl in WASHINGTON Capitals zone.
17:22 of 2nd period - Dryden Hunt is hit by Gustav Lindstrom and loses puck.
17:49 of 2nd period - Jared McCann is hit by Reilly Smith and loses puck.
17:58 of 2nd period - Icing by William Karlsson.
17:59 of 2nd period - Aleksander Barkov wins face-off versus Tomas Hertl in DALLAS Stars zone.
18:14 of 2nd period - Shot by Aleksander Barkov.
18:14 of 2nd period - Deflect By Brandon Hagel.
18:14 of 2nd period - Stopped by Cam Talbot without a rebound.
18:15 of 2nd period - Frederick Gaudreau wins face-off versus Dylan Cozens in DALLAS Stars zone.
18:18 of 2nd period - Shot by Frederick Gaudreau.
18:18 of 2nd period - Stopped by Cam Talbot without a rebound.
18:19 of 2nd period - Dylan Cozens wins face-off versus Brandon Hagel in DALLAS Stars zone.
18:19 of 2nd period - Dylan Cozens is hit by Nikita Kucherov.
18:51 of 2nd period - Shot by Tyler Bertuzzi.
18:51 of 2nd period - Stopped by Jordan Binnington without a rebound.
18:52 of 2nd period - Frederick Gaudreau wins face-off versus Morgan Frost in WASHINGTON Capitals zone.
19:19 of 2nd period - Shot by Jared McCann.
19:19 of 2nd period - Stopped by Cam Talbot without a rebound.
19:20 of 2nd period - Dylan Cozens wins face-off versus Aleksander Barkov in DALLAS Stars zone.
19:27 of 2nd period - Shot by Tyler Bertuzzi.
19:27 of 2nd period - Shot Misses the Net.
19:35 of 2nd period - Shot by Brandon Hagel.
19:35 of 2nd period - Shot Misses the Net.
19:41 of 2nd period - Shot by Sebastien Aho.
19:41 of 2nd period - Stopped by Jordan Binnington with a rebound.
19:43 of 2nd period - Shot by Tyler Bertuzzi.
19:43 of 2nd period - Stopped by Jordan Binnington without a rebound.
19:44 of 2nd period - Frederick Gaudreau wins face-off versus Morgan Frost in WASHINGTON Capitals zone.
19:48 of 2nd period - Minor Penalty to Jared McCann for Interference.
19:49 of 2nd period - Tyler Bertuzzi wins face-off versus Frederick Gaudreau in WASHINGTON Capitals zone.
Goals for this period are 0 for DALLAS Stars vs 1 for WASHINGTON Capitals.
Shots for this period are 6 for DALLAS Stars vs 15 for WASHINGTON Capitals.

3rd period


0:01 of 3rd period - Dylan Cozens wins face-off versus Frederick Gaudreau in neutral zone.
0:03 of 3rd period - Off-side.
0:04 of 3rd period - Dylan Cozens wins face-off versus Frederick Gaudreau in neutral zone.
0:15 of 3rd period - Icing by Tyler Bertuzzi.
0:16 of 3rd period - Frederick Gaudreau wins face-off versus Dylan Cozens in DALLAS Stars zone.
0:46 of 3rd period - Shot by Damon Severson.
0:46 of 3rd period - Shot Blocked by Shea Theodore.
2:46 of 3rd period - Shot by Denis Gurianov.
2:46 of 3rd period - Stopped by Cam Talbot without a rebound.
2:47 of 3rd period - Aleksander Barkov wins face-off versus Reilly Smith in DALLAS Stars zone.
2:47 of 3rd period - Haydn Fleury is hit by Neal Pionk and loses puck.
3:01 of 3rd period - Reilly Smith is hit by Haydn Fleury and loses puck.
3:04 of 3rd period - Shot by Tomas Hertl.
3:04 of 3rd period - Shot Blocked by Shea Theodore.
3:06 of 3rd period - Shot by Tomas Hertl.
3:06 of 3rd period - Deflect By Reilly Smith.
3:06 of 3rd period - Stopped by Jordan Binnington with a rebound.
3:14 of 3rd period - Neal Pionk is hit by Brandon Hagel and loses puck.
3:46 of 3rd period - Joel Hanley is hit by Darnell Nurse and loses puck.
4:03 of 3rd period - Shot by Frederick Gaudreau.
4:03 of 3rd period - Stopped by Cam Talbot without a rebound.
4:04 of 3rd period - Dylan Cozens wins face-off versus Alex Killorn in DALLAS Stars zone.
5:00 of 3rd period - Icing by Mikhail Sergachev.
5:01 of 3rd period - Dylan Cozens wins face-off versus Aleksander Barkov in DALLAS Stars zone.
5:09 of 3rd period - Icing by Brandon Hagel.
5:10 of 3rd period - Aleksander Barkov wins face-off versus Tyson Jost in WASHINGTON Capitals zone.
5:10 of 3rd period - Aleksander Barkov is hit by Morgan Frost.
5:16 of 3rd period - Shot by Morgan Frost.
5:16 of 3rd period - Deflect By Tyson Jost.
5:16 of 3rd period - Shot Misses the Net.
5:18 of 3rd period - Shot by Ondrej Kase.
5:18 of 3rd period - Stopped by Jordan Binnington without a rebound.
5:19 of 3rd period - Morgan Frost wins face-off versus Aleksander Barkov in WASHINGTON Capitals zone.
5:19 of 3rd period - Morgan Frost is hit by Haydn Fleury.
5:33 of 3rd period - Shot by Aleksander Barkov.
5:33 of 3rd period - Shot Misses the Net.
5:35 of 3rd period - Shot by Aleksander Barkov.
5:35 of 3rd period - Shot Misses the Net.
5:41 of 3rd period - Shot by Nikita Kucherov.
5:41 of 3rd period - Stopped by Cam Talbot with a rebound.
5:43 of 3rd period - Shot by Aleksander Barkov.
5:43 of 3rd period - Stopped by Cam Talbot with a rebound.
5:45 of 3rd period - Shot by Shea Theodore.
5:45 of 3rd period - Shot Blocked by Darnell Nurse.
5:53 of 3rd period - Shot by Aleksander Barkov.
5:53 of 3rd period - Shot Misses the Net.
5:55 of 3rd period - Shot by Nikita Kucherov.
5:55 of 3rd period - Stopped by Cam Talbot with a rebound.
5:59 of 3rd period - Shot by Brandon Hagel.
5:59 of 3rd period - Shot Blocked by Darnell Nurse.
6:01 of 3rd period - Shot by Aleksander Barkov.
6:01 of 3rd period - Shot Blocked by Darnell Nurse.
6:03 of 3rd period - Shot by Nikita Kucherov.
6:03 of 3rd period - Stopped by Cam Talbot without a rebound.
6:04 of 3rd period - Dylan Cozens wins face-off versus Frederick Gaudreau in DALLAS Stars zone.
6:13 of 3rd period - Icing by Nick Jensen.
6:14 of 3rd period - Dylan Cozens wins face-off versus Frederick Gaudreau in WASHINGTON Capitals zone.
6:48 of 3rd period - Icing by Damon Severson.
6:49 of 3rd period - Dylan Cozens wins face-off versus Nikita Kucherov in DALLAS Stars zone.
6:53 of 3rd period - Off-side.
6:54 of 3rd period - Tomas Hertl wins face-off versus Aleksander Barkov in neutral zone.
6:54 of 3rd period - Tomas Hertl is hit by Brandon Hagel.
7:12 of 3rd period - Icing by Nikita Kucherov.
7:13 of 3rd period - Aleksander Barkov wins face-off versus Dylan Cozens in WASHINGTON Capitals zone.
7:20 of 3rd period - Tyler Bertuzzi is hit by Aleksander Barkov and loses puck.
7:28 of 3rd period - Damon Severson is hit by Haydn Fleury and loses puck.
7:35 of 3rd period - Shot by Dylan Cozens.
7:35 of 3rd period - Shot Blocked by Shea Theodore.
7:37 of 3rd period - Shot by Dylan Cozens.
7:37 of 3rd period - Shot Misses the Net.
7:39 of 3rd period - Shot by Tyler Bertuzzi.
7:39 of 3rd period - Stopped by Jordan Binnington without a rebound.
7:40 of 3rd period - Andreas Johnsson wins face-off versus Tomas Hertl in WASHINGTON Capitals zone.
7:53 of 3rd period - Shot by Jared McCann.
7:53 of 3rd period - Stopped by Cam Talbot without a rebound.
7:54 of 3rd period - Dylan Cozens wins face-off versus Mikey Eyssimont in DALLAS Stars zone.
8:01 of 3rd period - Shot by Tyler Bertuzzi.
8:01 of 3rd period - Shot Blocked by Alex Killorn.
8:07 of 3rd period - Shot by Dylan Cozens.
8:07 of 3rd period - Shot Hit the Post.
8:22 of 3rd period - Shot by Dylan Cozens.
8:22 of 3rd period - Shot Blocked by Sean Walker.
8:24 of 3rd period - Shot by Damon Severson.
8:24 of 3rd period - Shot Blocked by Joel Kiviranta.
8:26 of 3rd period - Shot by Sebastien Aho.
8:26 of 3rd period - Shot Misses the Net.
9:08 of 3rd period - Shot by Nikita Kucherov.
9:08 of 3rd period - Shot Misses the Net.
9:10 of 3rd period - Shot by Nikita Kucherov.
9:10 of 3rd period - Shot Misses the Net.
9:12 of 3rd period - Shot by Haydn Fleury.
9:12 of 3rd period - Shot Blocked by Tomas Hertl.
9:37 of 3rd period - Shot by Nikita Kucherov.
9:37 of 3rd period - Deflect By Aleksander Barkov.
9:37 of 3rd period - Stopped by Cam Talbot without a rebound.
9:38 of 3rd period - Frederick Gaudreau wins face-off versus Morgan Frost in DALLAS Stars zone.
9:38 of 3rd period - Andreas Johnsson is hit by John Carlson and loses puck.
9:47 of 3rd period - Shot by Frederick Gaudreau.
9:47 of 3rd period - Shot Misses the Net.
9:58 of 3rd period - Shot by Andreas Johnsson.
9:58 of 3rd period - Shot Misses the Net.
10:00 of 3rd period - Shot by Nick Jensen.
10:00 of 3rd period - Stopped by Cam Talbot without a rebound.
10:01 of 3rd period - Dylan Cozens wins face-off versus Dryden Hunt in DALLAS Stars zone.
10:12 of 3rd period - Shot by Sebastien Aho.
10:12 of 3rd period - Shot Misses the Net.
10:18 of 3rd period - Shea Theodore is hit by Tyler Bertuzzi and loses puck.
10:33 of 3rd period - Shot by Denis Gurianov.
10:33 of 3rd period - Shot Misses the Net.
10:35 of 3rd period - Shot by Denis Gurianov.
10:35 of 3rd period - Shot Misses the Net.
10:37 of 3rd period - Shot by Haydn Fleury.
10:37 of 3rd period - Shot Blocked by Mikhail Sergachev.
10:44 of 3rd period - Minor Penalty to Nikita Kucherov for Interference.
10:45 of 3rd period - Frederick Gaudreau wins face-off versus Tomas Hertl in WASHINGTON Capitals zone.
10:45 of 3rd period - Frederick Gaudreau is hit by Reilly Smith.
11:10 of 3rd period - Shot by John Carlson.
11:10 of 3rd period - Stopped by Jordan Binnington with a rebound.
11:25 of 3rd period - Shot by Tomas Hertl.
11:25 of 3rd period - Goal by Tomas Hertl - DALLAS Stars : 4 - WASHINGTON Capitals : 2.
11:26 of 3rd period - Mikey Eyssimont wins face-off versus Morgan Frost in neutral zone.
11:35 of 3rd period - Shot by Alex Killorn.
11:35 of 3rd period - Shot Misses the Net.
11:49 of 3rd period - Shot by Alex Killorn.
11:49 of 3rd period - Stopped by Cam Talbot with a rebound.
12:07 of 3rd period - Shot by Alex Killorn.
12:07 of 3rd period - Stopped by Cam Talbot without a rebound.
12:08 of 3rd period - Dylan Cozens wins face-off versus Nikita Kucherov in DALLAS Stars zone.
12:10 of 3rd period - Icing by John Carlson.
12:11 of 3rd period - Aleksander Barkov wins face-off versus Sebastien Aho in DALLAS Stars zone.
12:24 of 3rd period - Shot by Nikita Kucherov.
12:24 of 3rd period - Stopped by Cam Talbot with a rebound.
12:26 of 3rd period - Shot by Brandon Hagel.
12:26 of 3rd period - Stopped by Cam Talbot without a rebound.
12:27 of 3rd period - Frederick Gaudreau wins face-off versus Tomas Hertl in DALLAS Stars zone.
12:48 of 3rd period - Shot by Jared McCann.
12:48 of 3rd period - Shot Blocked by Darnell Nurse.
12:58 of 3rd period - Shot by Andreas Johnsson.
12:58 of 3rd period - Deflect By Frederick Gaudreau.
12:58 of 3rd period - Shot Misses the Net.
13:00 of 3rd period - Shot by Jared McCann.
13:00 of 3rd period - Shot Misses the Net.
13:24 of 3rd period - Shot by Brandon Hagel.
13:24 of 3rd period - Deflect By Aleksander Barkov.
13:24 of 3rd period - Goal by Aleksander Barkov - DALLAS Stars : 4 - WASHINGTON Capitals : 3.
13:25 of 3rd period - Dylan Cozens wins face-off versus Aleksander Barkov in neutral zone.
14:43 of 3rd period - Off-side.
14:44 of 3rd period - Frederick Gaudreau wins face-off versus Tomas Hertl in neutral zone.
15:15 of 3rd period - Shot by Jared McCann.
15:15 of 3rd period - Shot Misses the Net.
15:17 of 3rd period - Shot by Jared McCann.
15:17 of 3rd period - Shot Hit the Post.
16:09 of 3rd period - Shot by Tyson Jost.
16:09 of 3rd period - Shot Blocked by Brandon Hagel.
16:21 of 3rd period - Shot by Ondrej Kase.
16:21 of 3rd period - Stopped by Jordan Binnington without a rebound.
16:22 of 3rd period - Mikey Eyssimont wins face-off versus Dylan Cozens in WASHINGTON Capitals zone.
17:27 of 3rd period - Sean Walker is hit by Peyton Krebs and loses puck.
18:17 of 3rd period - Shot by Brandon Hagel.
18:17 of 3rd period - Stopped by Cam Talbot without a rebound.
18:18 of 3rd period - Morgan Frost wins face-off versus Frederick Gaudreau in DALLAS Stars zone.
18:18 of 3rd period - Morgan Frost is hit by Frederick Gaudreau.
18:38 of 3rd period - Shot by Ondrej Kase.
18:38 of 3rd period - Stopped by Jordan Binnington without a rebound.
18:39 of 3rd period - Givani Smith wins face-off versus Sebastien Aho in WASHINGTON Capitals zone.
18:50 of 3rd period - Shot by Tyler Bertuzzi.
18:50 of 3rd period - Deflect By Sebastien Aho.
18:50 of 3rd period - Stopped by Jordan Binnington without a rebound.
18:51 of 3rd period - Tomas Hertl wins face-off versus Aleksander Barkov in WASHINGTON Capitals zone.
19:04 of 3rd period - Shot by Reilly Smith.
19:04 of 3rd period - Shot Misses the Net.
19:32 of 3rd period - Shot by Reilly Smith.
19:32 of 3rd period - Stopped by Jordan Binnington without a rebound.
19:33 of 3rd period - Dylan Cozens wins face-off versus Aleksander Barkov in WASHINGTON Capitals zone.
19:46 of 3rd period - WASHINGTON Capitals, Jordan Binnington is pulled from the net.
19:46 of 3rd period - Shot by Nikita Kucherov.
19:46 of 3rd period - Shot Blocked by Tyson Jost.
Goals for this period are 1 for DALLAS Stars vs 1 for WASHINGTON Capitals.
Shots for this period are 9 for DALLAS Stars vs 15 for WASHINGTON Capitals.